3L
HARTFORD WHALERS @ THUNDER BAY NORTHERN LIONS BC
05/15/2019
 
TOP OF THE 1ST
Hartford Whalers batting - Pitching for Thunder Bay Northern Lions BC : RHP Darryl Gordon
Pitching: RHP Darryl Gordon
Batting: RHB Félix Rodríguez 0-0: Foul Ball, location: 2F
0-1: Fly out, F6 (Popup, 56)
Batting: LHB Bill Burgess 0-0: Ball
1-0: Foul Ball, location: 2F
1-1: Ball
2-1: Foul Ball, location: 2F
2-2: Ball
3-2: Fly out, F8 (Line Drive, 8LD)
Batting: RHB Mike Brown 0-0: Swinging Strike
0-1: Ball
1-1: Foul Ball, location: 2F
1-2: Ball
2-2: Strikes out looking
Top of the 1st over - 0 run(s), 0 hit(s), 0 error(s), 0 left on base; Hartford 0 - Thunder Bay 0
BOTTOM OF THE 1ST
Thunder Bay Northern Lions BC batting - Pitching for Hartford Whalers : LHP Tony Cherena
Pitching: LHP Tony Cherena
Batting: RHB Dong-joon Ch'oe 0-0: Called Strike
0-1: SINGLE (Line Drive, 56D)
Batting: LHB Keith Bridges 0-0: Called Strike
0-1: Grounds into double play, 4-6-3 (Groundball, 4)
Batting: SHB Arnold Griffith 0-0: Ball
1-0: Swinging Strike
1-1: Called Strike
1-2: SINGLE (Line Drive, 8RS)
Batting: RHB Steve Brandon 0-0: Ball
Arnold Griffith steals 2nd base
1-0: Ball
Wild Pitch!
Arnold Griffith to third
2-0: Swinging Strike
2-1: Foul Ball, location: 2F
2-2: Foul Ball, location: 2F
2-2: Ball
Wild Pitch!
Arnold Griffith scores
3-2: Fly out, F9 (Flyball, 9M)
Bottom of the 1st over - 1 run(s), 2 hit(s), 0 error(s), 0 left on base; Hartford 0 - Thunder Bay 1
TOP OF THE 2ND
Hartford Whalers batting - Pitching for Thunder Bay Northern Lions BC : RHP Darryl Gordon
Batting: LHB Leonardo López 0-0: Foul Ball, location: 2F
0-1: Swinging Strike
0-2: Fly out, F9 (Flyball, 9S)
Batting: LHB Frank Parks 0-0: Called Strike
0-1: Called Strike
0-2: Ball
1-2: Strikes out looking
Batting: LHB César Durán 0-0: Called Strike
0-1: Foul Ball, location: 2F
0-2: Foul Ball, location: 2F
0-2: Strikes out looking
Top of the 2nd over - 0 run(s), 0 hit(s), 0 error(s), 0 left on base; Hartford 0 - Thunder Bay 1
BOTTOM OF THE 2ND
Thunder Bay Northern Lions BC batting - Pitching for Hartford Whalers : LHP Tony Cherena
Batting: RHB Ramiro Rico 0-0: Swinging Strike
0-1: Swinging Strike
0-2: Ball
1-2: SOLO HOME RUN (Flyball, 8RXD), Distance : 441 ft
Batting: RHB Duncan Thomas 0-0: Called Strike
0-1: Called Strike
0-2: Ground out 4-3 (Groundball, 4)
Batting: RHB Keith Burnett 0-0: Ball
1-0: Ground out 1-3 (Groundball, 15)
Batting: LHB Arnold Cook 0-0: Foul Ball, location: 2F
0-1: Ball
1-1: Ball
2-1: Fly out, F4 (Popup, 4MS)
Bottom of the 2nd over - 1 run(s), 1 hit(s), 0 error(s), 0 left on base; Hartford 0 - Thunder Bay 2
TOP OF THE 3RD
Hartford Whalers batting - Pitching for Thunder Bay Northern Lions BC : RHP Darryl Gordon
Batting: RHB Roberto Ramírez 0-0: Ball
1-0: SINGLE (Line Drive, 6M)
Batting: LHB Norm Ortega 0-0: Called Strike
0-1: Ball
1-1: Called Strike
1-2: Ball
2-2: Ball
3-2: Strikes out swinging
Batting: LHB Tony Cherena 0-0: Ball
1-0: Sac Bunt - play at first, batter OUT! 2-4
Roberto Ramírez to second
Batting: RHB Félix Rodríguez 0-0: Swinging Strike
0-1: Foul Ball, location: 2F
0-2: Reached on error, E5 (Groundball, 5)
Roberto Ramírez to third
Batting: LHB Bill Burgess 0-0: Ball
1-0: Ball
2-0: Fielders Choice at 2nd, U6 (Groundball, 6M)
Top of the 3rd over - 0 run(s), 1 hit(s), 1 error(s), 2 left on base; Hartford 0 - Thunder Bay 2
BOTTOM OF THE 3RD
Thunder Bay Northern Lions BC batting - Pitching for Hartford Whalers : LHP Tony Cherena
Batting: RHB Darryl Gordon 0-0: Called Strike
0-1: Ground out U3 (Groundball, 3L)
Batting: RHB Dong-joon Ch'oe 0-0: Ball
1-0: Called Strike
1-1: Foul Ball, location: 2F
1-2: Fly out, F7 (Flyball, 78XD)
Batting: LHB Keith Bridges 0-0: Foul Ball, location: 2F
0-1: Ball
1-1: Ball
2-1: Ground out 6-3 (Groundball, 6M)
Bottom of the 3rd over - 0 run(s), 0 hit(s), 0 error(s), 0 left on base; Hartford 0 - Thunder Bay 2
TOP OF THE 4TH
Hartford Whalers batting - Pitching for Thunder Bay Northern Lions BC : RHP Darryl Gordon
Batting: RHB Mike Brown 0-0: Fly out, F2 (Popup, 2LF)
Batting: LHB Leonardo López 0-0: Ball
1-0: Ground out 4-3 (Groundball, 4M)
Batting: LHB Frank Parks 0-0: Fly out, F6 (Popup, 7S)
Top of the 4th over - 0 run(s), 0 hit(s), 0 error(s), 0 left on base; Hartford 0 - Thunder Bay 2
BOTTOM OF THE 4TH
Thunder Bay Northern Lions BC batting - Pitching for Hartford Whalers : LHP Tony Cherena
Batting: SHB Arnold Griffith 0-0: Ground out 6-3 (Groundball, 6)
Batting: RHB Steve Brandon 0-0: Reached on error, E6 (Groundball, 6)
Batting: RHB Ramiro Rico 0-0: Ground out 5-3 (Groundball, 5L)
Batting: RHB Duncan Thomas 0-0: Ball
1-0: Ball
2-0: Ball
3-0: Base on Balls
Batting: RHB Keith Burnett 0-0: Ball
1-0: Foul Ball, location: 2F
1-1: Ball
2-1: Swinging Strike
2-2: Foul Ball, location: 2F
2-2: Ball
3-2: Base on Balls
Steve Brandon to third
Duncan Thomas to second
Batting: LHB Arnold Cook 0-0: Ball
1-0: Called Strike
1-1: Ball
2-1: Hit by Pitch
Steve Brandon scores
Duncan Thomas to third
Keith Burnett to second
Batting: RHB Darryl Gordon 0-0: Fly out, F9 (Flyball, 89D)
Bottom of the 4th over - 1 run(s), 0 hit(s), 1 error(s), 3 left on base; Hartford 0 - Thunder Bay 3
TOP OF THE 5TH
Hartford Whalers batting - Pitching for Thunder Bay Northern Lions BC : RHP Darryl Gordon
Batting: LHB César Durán 0-0: Fly out, F8 (Flyball, 8RXD)
Batting: RHB Roberto Ramírez 0-0: Foul Ball, location: 2F
0-1: Ball
1-1: Ball
2-1: Swinging Strike
2-2: Ball
3-2: Strikes out swinging
Batting: LHB Norm Ortega 0-0: Called Strike
0-1: Called Strike
0-2: Fly out, F9 (Flyball, 9LSF)
Top of the 5th over - 0 run(s), 0 hit(s), 0 error(s), 0 left on base; Hartford 0 - Thunder Bay 3
BOTTOM OF THE 5TH
Thunder Bay Northern Lions BC batting - Pitching for Hartford Whalers : LHP Tony Cherena
Batting: RHB Dong-joon Ch'oe Reached via error on a dropped throw, E3
Batting: LHB Keith Bridges 0-0: Ball
1-0: Ball
Wild Pitch!
Dong-joon Ch'oe to second
2-0: Ball
3-0: Called Strike
3-1: Ground out 6-3 (Groundball, 6)
Batting: SHB Arnold Griffith 0-0: Ball
1-0: Ball
2-0: Swinging Strike
2-1: Foul Ball, location: 2F
2-2: Ball
3-2: Strikes out swinging
Batting: RHB Steve Brandon 0-0: Fly out, F7 (Line Drive, 7M)
Bottom of the 5th over - 0 run(s), 0 hit(s), 1 error(s), 1 left on base; Hartford 0 - Thunder Bay 3
TOP OF THE 6TH
Hartford Whalers batting - Pitching for Thunder Bay Northern Lions BC : RHP Darryl Gordon
Batting: LHB Tony Cherena 0-0: Called Strike
0-1: Ball
1-1: Foul Ball, location: 2F
1-2: Strikes out swinging
Batting: RHB Félix Rodríguez 0-0: Called Strike
0-1: Fly out, F8 (Flyball, 8RM)
Batting: LHB Bill Burgess 0-0: Swinging Strike
0-1: Ball
1-1: Called Strike
1-2: SINGLE (Line Drive, 89S)
Batting: RHB Mike Brown 0-0: Called Strike
0-1: Ball
1-1: Ball
2-1: Fly out, F9 (Flyball, 9S)
Top of the 6th over - 0 run(s), 1 hit(s), 0 error(s), 1 left on base; Hartford 0 - Thunder Bay 3
BOTTOM OF THE 6TH
Thunder Bay Northern Lions BC batting - Pitching for Hartford Whalers : LHP Tony Cherena
Batting: RHB Ramiro Rico 0-0: Ground out 6-3 (Groundball, 6)
Batting: RHB Duncan Thomas 0-0: Called Strike
0-1: Called Strike
0-2: Foul Ball, location: 2F
0-2: Ball
1-2: SINGLE (Line Drive, 78S)
Batting: RHB Keith Burnett 0-0: Called Strike
0-1: Ball
1-1: Called Strike
1-2: Ball
2-2: Ball
3-2: Base on Balls
Duncan Thomas to second
Batting: LHB Arnold Cook 0-0: Ball
1-0: Called Strike
1-1: Fielders Choice at 2nd, 1-4 (Groundball, 15)
Duncan Thomas to third
Batting: RHB Darryl Gordon 0-0: Called Strike
0-1: Ball
1-1: Fly out, F7 (Flyball, 7M)
Bottom of the 6th over - 0 run(s), 1 hit(s), 0 error(s), 2 left on base; Hartford 0 - Thunder Bay 3
TOP OF THE 7TH
Hartford Whalers batting - Pitching for Thunder Bay Northern Lions BC : RHP Darryl Gordon
Batting: LHB Leonardo López 0-0: Called Strike
0-1: Ground out 4-3 (Groundball, 4)
Batting: LHB Frank Parks 0-0: Ball
1-0: Swinging Strike
1-1: Swinging Strike
1-2: Strikes out swinging
Batting: LHB César Durán 0-0: Called Strike
0-1: Foul Ball, location: 2F
0-2: Foul Ball, location: 2F
0-2: Fly out, F9 (Flyball, 89M)
Top of the 7th over - 0 run(s), 0 hit(s), 0 error(s), 0 left on base; Hartford 0 - Thunder Bay 3
BOTTOM OF THE 7TH
Thunder Bay Northern Lions BC batting - Pitching for Hartford Whalers : LHP Tony Cherena
Batting: RHB Dong-joon Ch'oe 0-0: Ground out 5-3 (Groundball, 5)
Batting: LHB Keith Bridges 0-0: Ball
1-0: Ball
2-0: Ball
3-0: Called Strike
3-1: Called Strike
3-2: Fly out, F9 (Line Drive, 89S)
Batting: SHB Arnold Griffith 0-0: Ball
1-0: Called Strike
1-1: Ball
2-1: Ground out 6-3 (Groundball, 6M)
Bottom of the 7th over - 0 run(s), 0 hit(s), 0 error(s), 0 left on base; Hartford 0 - Thunder Bay 3
TOP OF THE 8TH
Hartford Whalers batting - Pitching for Thunder Bay Northern Lions BC : RHP Darryl Gordon
Now at C: Jason Wise
Now at 3B: Jacob Holt
Batting: RHB Roberto Ramírez 0-0: Foul Ball, location: 2F
0-1: Called Strike
0-2: Strikes out swinging
Batting: LHB Norm Ortega 0-0: SINGLE (Groundball, 56D)
Pinch Hitting: RHB Dave O'Day 0-0: Ball
1-0: Ball
2-0: Fly out, F7 (Flyball, 7D)
Batting: RHB Félix Rodríguez 0-0: SINGLE (Groundball, 4MD)
Norm Ortega to second
Batting: LHB Bill Burgess 0-0: Foul Ball, location: 2F
0-1: Ball
1-1: Ball
2-1: Called Strike
2-2: Foul Ball, location: 2F
2-2: Ground out 4-3 (Groundball, 4)
Top of the 8th over - 0 run(s), 2 hit(s), 0 error(s), 2 left on base; Hartford 0 - Thunder Bay 3
BOTTOM OF THE 8TH
Thunder Bay Northern Lions BC batting - Pitching for Hartford Whalers : LHP Tony Cherena
Pitching: RHP Esteban Arroyo
Batting: RHB Jacob Holt 0-0: Ball
1-0: Called Strike
1-1: Ball
2-1: Swinging Strike
2-2: Foul Ball, location: 2F
2-2: Foul Ball, location: 2F
2-2: Foul Ball, location: 2F
2-2: Foul Ball, location: 2F
2-2: Foul Ball, location: 2F
2-2: Ball
3-2: Strikes out swinging
Batting: RHB Jason Wise 0-0: Foul Ball, location: 2F
0-1: Called Strike
0-2: Foul Ball, location: 2F
0-2: Strikes out swinging
Batting: RHB Duncan Thomas 0-0: Fly out, F7 (Line Drive, 7M)
Bottom of the 8th over - 0 run(s), 0 hit(s), 0 error(s), 0 left on base; Hartford 0 - Thunder Bay 3
TOP OF THE 9TH
Hartford Whalers batting - Pitching for Thunder Bay Northern Lions BC : RHP Darryl Gordon
Batting: RHB Mike Brown 0-0: Ball
1-0: Called Strike
1-1: Ball
2-1: Called Strike
2-2: Foul Ball, location: 2F
2-2: Strikes out swinging
Batting: LHB Leonardo López 0-0: Ball
1-0: Swinging Strike
1-1: Fly out, F8 (Flyball, 78S)
Batting: LHB Frank Parks 0-0: Called Strike
0-1: Called Strike
0-2: Ball
1-2: Fly out, F9 (Flyball, 89D)
Top of the 9th over - 0 run(s), 0 hit(s), 0 error(s), 0 left on base; Hartford 0 - Thunder Bay 3
This league is powered by Out of the Park Baseball, the baseball management simulation game for PC, Mac and Linux
Saturday, July 25th, 2015 - OOTP Baseball 15.6 Build 34